 Dungeon Crawl Stone Soup version 0.31-a0-986-g5e6e4ef867 (webtiles) character file.

Game seed: 7212276056483533864

557 avis the Ducker (level 7, -1/32 HPs)
             Began as a Felid Shapeshifter on Nov 7, 2023.
             Slain by a gnoll sergeant
             ... wielding a +0 trident
              (11 damage)
             ... on level 4 of the Dungeon.
             The game lasted 00:26:55 (4061 turns).

avis the Ducker (Felid Shapeshifter)                Turns: 4061, Time: 00:26:56

Health: -1/32      AC:  2    Str: 10    XL:     7   Next: 9%
Magic:  9/9        EV: 20    Int: 12    God:
Gold:   227        SH:  0    Dex: 17    Spells: 6/8 levels left
                                        Lives:  0   Deaths: 3

rFire   . .          .
                       - Unarmed
rCold   . . .        (shield unavailable)
rNeg    . . .        (body armour unavailable)
rPois   +            (helmet unavailable)
rElec   .            (cloak unavailable)
rCorr   .            (gloves unavailable)
SInv    +            (boots unavailable)
Will    +....        h - amulet of regeneration
Stlth   ++           e - ring of poison resistance
HPRegen 1.05/turn    (no ring)
MPRegen 0.11/turn

%: no passive effects
@: beast-form, quick
A: beast (slay +3), very small, claws 1, fangs 3, see invisible, speed 1, shaggy
fur 2, stealthy paws, no weapons or thrown items, no armour, multi-lived
a: Begin Untransformation


You were on level 4 of the Dungeon.
You were a hulking beast.
You visited 1 branch of the dungeon, and saw 5 of its levels.

You collected 227 gold pieces.

Inventory:

Jewellery
 e - a ring of poison resistance (left paw)
 h - an amulet of regeneration (around neck)
 m - an amulet of faith
 F - an amulet of the acrobat
Talismans
 b - a beast talisman
 f - a flux talisman
 l - a blade talisman
Wands
 s - a wand of polymorph (8)
Scrolls
 a - a scroll of amnesia
 c - 2 scrolls of fear {unknown}
 g - 2 scrolls of fog
 i - a scroll of revelation {unknown}
 k - a scroll of acquirement {unknown}
 n - a scroll of noise {unknown}
 o - a scroll of butterflies {unknown}
 q - a scroll of immolation
 r - a scroll of blinking {unknown}
 t - 2 scrolls of enchant weapon {unknown}
 u - a scroll of teleportation {unknown}
 v - a scroll of brand weapon {unknown}
 x - a scroll of poison {unknown}
 y - a scroll of identify
 E - a scroll of vulnerability {unknown}
Potions
 d - 2 potions of degeneration
 j - 3 potions of curing
 p - a potion of brilliance {unknown}
 w - a potion of might {unknown}
 z - a potion of ambrosia {unknown}
 A - a potion of attraction {unknown}
 B - a potion of mutation {unknown}
 C - a potion of haste {unknown}
 D - a potion of magic {unknown}


   Skills:
 - Level 4.0 Fighting
 * Level 6.0 Dodging
 - Level 3.0 Unarmed Combat
 - Level 1.0 Spellcasting
 - Level 2.0 Transmutations
 - Level 5.3 Shapeshifting


You had 6 spell levels left.
You knew the following spells:

 Your Spells              Type           Power      Damage    Failure   Level
e - Wereblood             Tmut           5%         N/A       21%         2

Your spell library contained the following spells:

 Spells                   Type           Power      Damage    Failure   Level
 Sublimation of Blood     Necr           0%         N/A       41%         2
 Summon Hydra             Summ           0%         N/A       100%        7


Dungeon Overview and Level Annotations

Branches:
Dungeon (5/15)
 Temple: D:4-7

Altars:
Dithmenos
Qazlal
Xom

Annotations:
D:3 1 runed translucent door, exclusion: door


Innate Abilities, Weirdness & Mutations

You are a hulking beast.
Your limbs bulge with bestial killing power. (Slay +3)
You have sharp claws.
You have razor-sharp teeth.
You have supernaturally acute eyesight. (SInv)
You cover ground quickly. (Speed+)
You are covered in thick fur. (AC +2)
Your paws help you pounce on unaware monsters.
You are incapable of wielding weapons or throwing items.
You cannot wear armour.
You gain extra lives every three experience levels.


Message History

The gnoll sergeant is moderately wounded.
The gnoll sergeant completely misses you.
You closely miss the gnoll sergeant.
The gnoll sergeant is moderately wounded.
The gnoll sergeant misses you.
You scratch the gnoll sergeant but do no damage.
The gnoll sergeant is moderately wounded.
The gnoll sergeant closely misses you.
You barely miss the gnoll sergeant.
The gnoll sergeant is moderately wounded.
The gnoll sergeant hits you with a +0 trident.
You scratch the gnoll sergeant but do no damage.
You bite the gnoll sergeant, but do no damage.
The gnoll sergeant is moderately wounded.
The gnoll sergeant barely misses you.
You scratch the gnoll sergeant. Your bite misses the gnoll sergeant.
The gnoll sergeant is heavily wounded.
The gnoll sergeant barely misses you.
You scratch the gnoll sergeant but do no damage.
The gnoll sergeant is heavily wounded.
The gnoll sergeant closely misses you.
You scratch the gnoll sergeant but do no damage.
The gnoll sergeant is heavily wounded.
The gnoll sergeant hits you with a +0 trident!
You scratch the gnoll sergeant but do no damage.
You bite the gnoll sergeant, but do no damage.
The gnoll sergeant is heavily wounded.
The gnoll sergeant misses you.
You scratch the gnoll sergeant. Your bite misses the gnoll sergeant.
The gnoll sergeant is severely wounded.
The gnoll sergeant misses you.
You scratch the gnoll sergeant but do no damage.
The gnoll sergeant is severely wounded.
The gnoll sergeant hits you with a +0 trident!
Ouch! That really hurt!
* * * LOW HITPOINT WARNING * * *
You scratch the gnoll sergeant but do no damage.
The gnoll sergeant is severely wounded.
The gnoll sergeant hits you with a +0 trident!
You die...

###
###.##..........#########
# #.#######..............
##### #.# #.###.#####.###
....# #.# #####.###.# #.#
###.# #.###.......#.# #.#
# #.# #.......P.P...# #.#
###.###########..P.PPP..#
#.#
..<............gP....P..#
#.#
###.###########.h..8.P..#
#.# ###.# #..PP...P..#
#.# ..#.# #......P...#
#.### ⌠.#.# #.....P....##
#.... ..#.# ##.#........#
##### ..'.# #.#######..#
..### #.# #..# ###### ⌠.#
#.# #..# #..... ..# #.#
#..# #.####


You could see a gnoll sergeant.

Vanquished Creatures
  Menkaure (D:4)
  Ijyb (D:3)
  Terence (D:3)
  2 iguanas
  2 orc wizards (D:4)
  7 gnolls
  8 adders
  A river rat (D:2)
  3 dart slugs
  14 orcs
  8 endoplasms
  3 giant cockroaches
  12 goblins
  9 hobgoblins
  4 jackals (D:3)
  11 quokkas
  9 ball pythons
  6 bats
  5 frilled lizards
  11 kobolds
  6 rats
124 creatures vanquished.

Notes
Turn   | Place    | Note
-------+----------+-------------------------------------------
     0 | D:1      | avis the Felid Shapeshifter began the quest for the Orb.
     0 | D:1      | Reached XP level 1. HP: 9/9 MP: 2/2
   162 | D:1      | Reached XP level 2. HP: 13/13 MP: 3/3
   197 | D:1      | Reached skill level 3 in Dodging
   411 | D:1      | Reached XP level 3. HP: 16/16 MP: 4/4
  1359 | D:2      | Reached skill level 4 in Dodging
  1359 | D:2      | Reached XP level 4. HP: 21/21 MP: 5/5
  1502 | D:3      | Found a stormy altar of Qazlal.
  1503 | D:3      | Found a shadowy altar of Dithmenos.
  1523 | D:3      | Found a shimmering altar of Xom.
  1713 | D:3      | Learned a level 2 spell: Wereblood
  1742 | D:3      | Noticed Ijyb
  1798 | D:3      | Killed Ijyb
  1992 | D:2      | Slain by a river rat
  2027 | D:2      | Reached skill level 5 in Dodging
  2072 | D:2      | Reached XP level 5. HP: 24/24 MP: 6/6
  2415 | D:3      | Noticed Terence
  2460 | D:3      | Killed Terence
  2614 | D:3      | Reached skill level 5 in Shapeshifting
  2818 | D:3      | Found a runed translucent door.
  2941 | D:4      | Gained mutation: You are covered in thick fur. (AC +2)
                  | [Felid growth]
  2941 | D:4      | Reached XP level 6. HP: 28/28 MP: 7/7
  3195 | D:4      | Noticed Menkaure
  3227 | D:4      | Killed Menkaure
  3228 | D:4      | Reached skill level 1 in Spellcasting
  3228 | D:4      | Reached skill level 1 in Transmutations
  3727 | D:5      | Entered Level 5 of the Dungeon
  3748 | D:5      | Slain by a gnoll
  3868 | D:5      | Reached XP level 7. HP: 32/32 MP: 9/9
  4009 | D:4      | Reached skill level 6 in Dodging
  4020 | D:4      | HP: 1/32 [gnoll sergeant/+0 trident (14)]
  4022 | D:4      | Slain by a gnoll sergeant
  4061 | D:4      | Slain by a gnoll sergeant

Illustrated notes

Levels and vault maps discovered:
D:1:      elethiomel_arrival_fortress_basement, layout_basic, st_stairs_10
D:2:      layout_loops_ring, grunt_decor_mini_mirrors, minmay_divided_ellipse
D:3:      minmay_evil_eye, layout_basic,
          chequers_temple_overflow_statue_of_worship, minmay_joined_circles,
          uniq_terence, uniq_ijyb, uniq_crazy_yiuf_cottage
D:4:      layout_loops_ring, dreamdust_mushroom_princess, dk_vineyard_3,
          minmay_fountain_box, kennysheep_generic_room_8, uniq_menkaure
D:5:      layout_cave_pools, serial_shops, shop, uniq_grinder

Skill      XL: |  1  2  3  4  5  6  7 |
---------------+----------------------+-----
Fighting       | 2 3 4 |  4.0
Dodging        | 3 4 5 6 |  6.0
Shapeshifting  | 5 |  5.3
Spellcasting   | 1 |  1.0
Transmutations | 2 |  2.0
Unarmed Combat | |  3.0

Action                     |  1- 3 |  4- 6 |  7- 9 || total
---------------------------+-------+-------+-------++-------
  Melee: Unarmed           |   107 |   238 |    26 ||   371
         Bite              |    10 |    18 |     5 ||    33
         Punch             |     2 |     3 |     1 ||     6
  Evoke: Wand              |       |     1 |     1 ||     2
    Use: Potion            |       |     4 |     1 ||     5
         Scroll            |       |     5 |       ||     5
   Stab: Sleeping          |     2 |     1 |       ||     3
 Armour: Skin              |    25 |    70 |    15 ||   110
  Dodge: Dodged            |    73 |   158 |    19 ||   250

Table legend: (Time is in decaauts)
 A = Elapsed time spent in this place.
 B = Non-inter-level travel time spent in this place.
 C = Inter-level travel time spent in this place.
 D = Time resting spent in this place.
 E = Time spent auto-exploring this place.
 F = Levels seen in this place.
 G = Mean time per level.
                   A        B        C        D        E       F      G
               +--------+--------+--------+--------+--------+-----+--------+
         Total |   3404 |   2964 |    440 |    136 |   1495 |   5 |  680.8 |
       Dungeon |   3404 |   2964 |    440 |    136 |   1495 |   5 |  680.8 |
               +--------+--------+--------+--------+--------+-----+--------+

Top non-repeatable levels by time:
     D:3: 960 daAuts
     D:4: 880 daAuts
     D:2: 820 daAuts
     D:1: 607 daAuts
     D:5: 136 daAuts
